 Dungeon Crawl Stone Soup version 0.29-a0-653-gd47aff6735 (webtiles) character file.

Game seed: 1334800887079025577

46 DocClef the Skirmisher (level 3, -8/35 HPs)
             Began as a Minotaur Gladiator on June 21, 2022.
             Mangled by Crazy Yiuf
             ... wielding a +2 quarterstaff of chaos
              (15 damage)
             ... on level 2 of the Dungeon.
             The game lasted 00:01:29 (2222 turns).

DocClef the Skirmisher (Minotaur Gladiator)         Turns: 2222, Time: 00:01:30

Health: -8/35      AC:  9    Str: 20    XL:     3   Next: 46%
Magic:  2/2        EV:  8    Int:  5    God:
Gold:   153        SH:  0    Dex: 11    Spells: 2/2 levels left

rFire   . . .      SeeInvis .   a - +0 war axe
rCold   . . .      Faith    .   (no shield)
rNeg    . . .      Spirit   .   k - +0 chain mail
rPois   .          Reflect  .   c - +0 hat
rElec   .          Harm     .   (no cloak)
rCorr   .          Rampage  .   (no gloves)
Will    .....                   o - +0 pair of boots
Stlth   ..........              i - amulet of regeneration
HPRegen 0.91/turn               (no ring)
MPRegen 0.08/turn               (no ring)

@: lethally poisoned (-8 -> -10)
A: horns 2, retaliatory headbutt
a: no special abilities


You were on level 2 of the Dungeon.
You visited 1 branch of the dungeon, and saw 2 of its levels.

You collected 153 gold pieces.

Inventory:

Hand Weapons
 a - a +0 war axe (weapon)
Missiles
 d - 3 throwing nets (quivered)
 e - a javelin
Armour
 b - a +0 leather armour
 c - a +0 hat (worn)
 k - a +0 chain mail (worn)
 m - the +1 scale mail of the Tarantula {+Inv rCorr Str+9 Int-5}
   (You found it on level 2 of the Dungeon)

   Str:       It affects your strength (+9).
   Int:       It affects your intelligence (-5).
   +Inv:      It lets you turn invisible.
   rCorr:     It protects you from acid and corrosion.
 o - a +0 pair of boots (worn)
Jewellery
 i - an amulet of regeneration (around neck)
Scrolls
 f - 2 scrolls of immolation {unknown}
 j - a scroll of magic mapping {unknown}
 l - a scroll of identify {unknown}
 n - a scroll of blinking {unknown}
Potions
 g - a potion of magic {unknown}
 h - a potion of curing {unknown}


   Skills:
 + Level 4.8 Fighting
 - Level 3.6 Axes
 - Level 2.0 Throwing
 - Level 3.2 Dodging


You had 2 spell levels left.
You didn't know any spells.
Your spell library contained the following spells:

 Spells                   Type           Power      Damage    Failure   Level
 Fulminant Prism          Conj/Hex       0%         3d6       100%        4
 Iskenderun's Mystic Bla  Conj/Tloc      0%         2d3       100%        4
 Lee's Rapid Deconstruct  Erth           0%         3d5*      100%        5


Dungeon Overview and Level Annotations

Branches:
Dungeon (2/15)

Altars:

Annotations:
D:2 Crazy Yiuf


Innate Abilities, Weirdness & Mutations

You have a pair of horns on your head.
You reflexively headbutt those who attack you in melee.


Message History

The hobgoblin hits you but does no damage.
You barely miss the hobgoblin.
The hobgoblin hits you but does no damage.
You hit the hobgoblin. Your headbutt misses the hobgoblin.
The hobgoblin is lightly wounded.
The hobgoblin hits you but does no damage. x2
You barely miss the hobgoblin.
You headbutt the hobgoblin, but do no damage.
The hobgoblin is lightly wounded.
The hobgoblin hits you but does no damage.
You barely miss the hobgoblin.
The hobgoblin is lightly wounded.
The hobgoblin hits you.
You closely miss the hobgoblin. You headbutt the hobgoblin.
You kill the hobgoblin!
No target in view!
You see here a hobgoblin corpse.
You see here a +0 club.
There is an open door here.
Key pressed, stopping explore.
You now have 153 gold pieces (gained 16).
There is a stone staircase leading up here.
As you open the door, it creaks loudly!
Key pressed, stopping explore.
There is an open door here.
There is a stone staircase leading down here.
Could not explore, unopened runed door.
Could not explore, unopened runed door.
You open the door. You barely miss Crazy Yiuf.
Crazy Yiuf hits you with a +2 quarterstaff of chaos!
You are poisoned.
Crazy Yiuf hits you with a +2 quarterstaff of chaos!
You barely miss Crazy Yiuf.
You headbutt Crazy Yiuf, but do no damage.
You feel very sick.
Crazy Yiuf hits you with a +2 quarterstaff of chaos!
* * * LOW HITPOINT WARNING * * *
You are electrocuted!
You die...

......###.##..##.##....#.### #..
......#..).###########.....# ###
......#.#.## ###.#.# ......#.#.##
##### #.....# ......#....# #)..#
##....# ...#..#...## #...#
#...#.# ...'.......# ... #.....#
...#.......# #g# #.....######
...#####..## ♣@♣♣ #...........
...#####...# ♣♣.♣ #..........#
##.#....#### ♣.♣♣ #.)....###.#
#.'....#### ♣♣.♣ #..>...###[#
###....'..# ♣♣.♣♣ #.#........#
#....#### ♣♣...♣ ###....###.#
####.###...# ♣....♣ #..........#
>..........# #....# ##..........
####.##..######....###......###.#


You could see Crazy Yiuf.

Vanquished Creatures
  A dart slug (D:1)
  5 bats
  An endoplasm (D:1)
  4 giant cockroaches (D:1)
  3 goblins
  5 hobgoblins
  5 kobolds (D:1)
  2 quokkas
  7 ball pythons
  3 frilled lizards (D:1)
  3 rats
39 creatures vanquished.

Vanquished Creatures (others)
  3 plants (D:1)
3 creatures vanquished.

Grand Total: 42 creatures vanquished

Notes
Turn   | Place    | Note
-------+----------+-------------------------------------------
     0 | D:1      | DocClef the Minotaur Gladiator began the quest for the Orb.
     0 | D:1      | Reached XP level 1. HP: 18/18 MP: 0/0
   157 | D:1      | Reached skill level 3 in Fighting
   314 | D:1      | Reached XP level 2. HP: 26/26 MP: 1/1
   623 | D:1      | Reached skill level 4 in Fighting
   759 | D:1      | Reached XP level 3. HP: 19/33 MP: 2/2
  1034 | D:1      | Found a faded altar of an unknown god.
  1483 | D:2      | Found a runed translucent door.
  1484 | D:2      | Noticed Crazy Yiuf
  1612 | D:2      | Identified the +1 scale mail of the Tarantula {+Inv rCorr
                  | Str+9 Int-5}
  2222 | D:2      | Mangled by Crazy Yiuf

Illustrated notes

Levels and vault maps discovered:
D:1:      denvon_arrival_waterhouse, layout_loops_ring,
          chequers_ecumenical_altar_lobes
D:2:      layout_basic, uniq_crazy_yiuf_cottage

Skill      XL: |  1  2 |
---------------+-------+-----
Fighting       | 3 4 |  4.8
Axes           | |  3.6
Throwing       | |  2.0
Dodging        | |  3.2

Action                   || total
-------------------------++-------
Melee: War axe           ||    74
       Headbutt          ||    13
Armor: Leather armour    ||    13
       Chain mail        ||    13
Dodge: Dodged            ||    43

Table legend: (Time is in decaauts)
 A = Elapsed time spent in this place.
 B = Non-inter-level travel time spent in this place.
 C = Inter-level travel time spent in this place.
 D = Time resting spent in this place.
 E = Time spent auto-exploring this place.
 F = Levels seen in this place.
 G = Mean time per level.
                   A        B        C        D        E       F      G
               +--------+--------+--------+--------+--------+-----+--------+
         Total |   2245 |   2184 |     61 |    182 |   1751 |   2 | 1122.5 |
       Dungeon |   2245 |   2184 |     61 |    182 |   1751 |   2 | 1122.5 |
               +--------+--------+--------+--------+--------+-----+--------+

Top non-repeatable levels by time:
     D:1: 1340 daAuts
     D:2: 905 daAuts
